AoeStats
← Gaius Marius

Arena

506288619Analyzed
1v1 RM · 18d ago on Sep 13, 2026· 65m 34s· 2 players
Game mode
Random Map
Map size
Tiny (2 player)
Population
200
Speed
Normal
Resources
Standard
Victory
Conquest
Starting age
Dark Age
Ending age
Imperial Age
RankedLock teamsTeams togetherTeam positionsShared explorationLock speedFull tech treeHidden civsTurbo modeCheats
Victory
Defeat
🇨🇴 Lithuanians · Colombia
874
+16
🇺🇸 Britons · United States
870
-16
Gaius Marius
11:38 Feudal Age
12:14 Double-Bit Axe
12:11 Horse Collar
12:24 Gold Mining
21:52 Castle Age
20:06 Fletching
21:43 Scale Mail Armor
22:41 Crossbowman
22:43 Pikeman
23:58 Bow Saw
24:28 Gold Shaft Mining
24:11 Loom
31:06 Ballistics
31:46 Bodkin Arrow
40:42 Wheelbarrow
46:12 Imperial Age
47:26 Bracer
48:32 Chemistry
48:14 Arbalester
49:38 Halberdier
50:42 Chain Mail Armor
50:16 Gambesons
50:58 Yeomen
52:39 Elite Longbowman
56:36 Plate Mail Armor
62:18 Heavy Cavalry Archer
Dovalle95
7:59 Loom
10:09 Feudal Age
13:37 Double-Bit Axe
13:37 Horse Collar
18:03 Castle Age
16:22 Stone Mining
18:42 Wheelbarrow
17:59 Town Watch
18:11 Gold Mining
19:21 Bow Saw
19:13 Heavy Plow
20:32 Scale Barding Armor
21:50 Hand Cart
25:04 Forging
33:49 Imperial Age
34:03 Iron Casting
39:21 Chain Barding Armor
39:03 Padded Archer Armor
38:54 Fletching
39:06 Husbandry
39:19 Bloodlines
38:30 Cavalier
38:30 Light Cavalry
39:41 Pikeman
41:01 Plate Barding Armor
40:50 Hill Forts
40:58 Tower Shields
41:16 Paladin
42:31 Leather Archer Armor
42:12 Bodkin Arrow
42:23 Elite Skirmisher
44:57 Two-Man Saw
43:41 Winged Hussar
45:07 Thumb Ring
46:12 Crop Rotation
49:35 Bracer
51:54 Onager
52:32 Capped Ram
54:49 Coinage
54:31 Guilds
54:23 Caravan
55:34 Ballistics
56:42 Chemistry
58:22 Ring Archer Armor
Connection lost

Rejoining the realm…

Still unreachable

The connection could not be restored.

Session expired

The server has moved on; the page needs a fresh start.